Description

This build is designed to counter the popular three Reapers and two Hellions build.

Replay - HeroMarine v TYTY: Game 1 - Kairos Junction LE

Build Order

Get SALT Encoding   

  12  0:00  SCV  
  13  0:12  SCV  
  14  0:16  Supply Depot  
  14  0:24  SCV  
  14  0:28  Refinery  
  15  0:38  SCV  
  16  0:44  Barracks  
  16  0:50  SCV  
  17  1:02  SCV  
  18  1:14  SCV  
  19  1:31  Reaper  
  19  1:32  Orbital Command  
  20  1:42  Command Center  
  20  1:52  Factory  
  20  1:57  SCV  
  21  2:04  Supply Depot  
  21  2:06  Barracks Reactor  
  21  2:09  SCV  
  22  2:15  Refinery  
  22  2:21  SCV  
  24  2:41  Starport  
  24  2:45  Hellion x2  
  24  2:49  Barracks Tech Lab  
  29  2:54  Orbital Command  
  28  3:06  Hellion x2  
  28  3:10  Marauder  
  34  3:18  Medivac  
  36  3:28  Hellion x2  
  36  3:31  Marauder  
  42  3:36  Supply Depot  
  42  3:38  Concussive Shells  
  42  3:49  Hellion x2  
  46  3:58  Marauder  
  46  4:00  Supply Depot  
  51  4:10  Hellion  
Spawning Tool Build Advisor. Get it on Overwolf

Analysis

The three Reapers and two Hellions into Siege Tanks, Ravens, and Vikings is the dominant build. The combination of three Reapers and two Hellions provides an extremely strong early game presence, and it is hard to match that without going to the extreme. One doable alternative is to use Reactor Hellions to match opponent’s five units. If you open with 15 Refinery Reaper expand and swap the Factory onto the Reactor immediately, you should have one Reaper and four Hellions to match opponent’s army when they attempt to apply pressure.

The constant Hellion production and Marauders are the key. If the opponent does not know about the Marauders (i.e., an attack is imminent), the standard build does not have what it takes to defend the attack.

You can read more about other details as to how this build aims to deceive Protoss in TerranCraft's May 2019 Metagame Build Orders article.

Go to:

Details

Become a Patron
  • Created by: Maxilicious  
  • Published on: Jul 13, 2019
  • Patch: 4.7.1
Show
View Real Time Build Order
Export as new Build Order

Comments (1)

On July 20, 2019, 1:49 a.m., GreyWolf  said:

It's incredible how versatile this build can be.
In mid-game you can switch to full bio, if needed.
You can adapt easy to the TvZ meta.
It's a bit harder against Protoss, but still viable.
TY is a genius.

Create an account to comment!